[Event "*** Titled Tuesday Blitz"]
[Site "Chess.com"]
[Date "2019.03.05"]
[Round "3"]
[White "jlucasvf"]
[Black "Mostii"]
[Result "1/2-1/2"]
[WhiteElo "2722"]
[BlackElo "2452"]
[TimeControl "180+2"]
[EndTime "13:44:33 PST"]
[Termination "Game drawn by repetition"]

1. e4 e6 2. d4 d5 3. Nd2 Nf6 4. e5 Nfd7 5. f4 c5 6. c3 Nc6 7. Ndf3 cxd4 8. cxd4 a6 9. Bd3 g6 10. Ne2 b5 11. h4 h5 12. Ng5 Nb6 13. O-O Be7 14.
b3 Bd7 15. Be3 Bxg5 16. hxg5 Ne7 17. Qe1 Nf5 18. Bd2 h4 19. Bb4 h3 20. g3 h2+ 21. Kh1 Rc8 22. Rf2 Ne3 23. Rxh2 Rxh2+ 24. Kxh2 Nc2 25. Bxc2 Rxc2 26. Kg2 Nc4 27. bxc4 dxc4 28.
Kf2 Bc6 29. Bd6 Be4 30. Qb4 Bd3 31. Re1 Qa8 32. Qc5 Bxe2 33. Rxe2 Rxe2+ 34. Kxe2 Qg2+ 35. Kd1 Qf1+ 36. Kc2 Qd3+ 37. Kc1 Qc3+ 38. Kb1 Qd3+ 39. Kc1 Qc3+ 40. Kd1 Qd3+ 41. Ke1 Qe3+ 42. Kf1 Qf3+ 43. Kg1 Qxg3+ 44. Kh1 Qh3+ 45. Kg1 Qg3+ 46. Kf1 Qf3+ 47.
Ke1 Qe3+ 48. Kd1 Qd3+ 49. Kc1 Qc3+ 50. Kb1 Qd3+ 51. Kc1 Qc3+ 52. Kd1 Qd3+ 53. Ke1 Qe3+ 54. Kf1 Qf3+ 55. Kg1 Qg3+ 56. Kh1 Qh3+ 57. Kg1 Qe3+ 58. Kg2 Qe2+ 59. Kg3 Qe3+ 60. Kg2 Qe2+ 61. Kh3 Qf3+ 62. Kh2 Qf2+ 63. Kh1 Qf1+ 64. Kh2 Qxf4+ 65. Kg2 Qd2+ 66. Kf3 Qd3+ 67. Kf4 Qd2+ 68. Kg3 Qe3+ 69. Kh2 Qf2+ 70. Kh3 Qf3+ 71. Kh4 Qf4+ 72. Kh3 Qf3+ 73. Kh2 Qf2+ 74. Kh1 Qf1+ 75. Kh2 Qf2+ 76. Kh3 Qf3+ 77. Kh4 Qf4+ 78. Kh3 Qf3+ 79. Kh2 Qf2+ 80. Kh1 Qf1+ 81. Kh2 Qf2+ 1/2-1/2

[Event "*** Titled Tuesday Blitz"]
[Site "Chess.com"]
[Date "2019.03.05"]
[Round "3"]
[White "Off-War"]
[Black "PulpanJ"]
[Result "1-0"]
[WhiteElo "2517"]
[BlackElo "2658"]
[TimeControl "180+2"]
[EndTime "13:44:55 PST"]
[Termination "Off-War won by resignation"]

1. e4 e5 2. Nf3 Nc6 3. Bb5 Nf6 4. O-O Nxe4 5. d4 Nd6 6. Bxc6 dxc6 7. dxe5 Nf5 8. Qxd8+ Kxd8 9. h3 h5 10. Nc3 Ke8 11.
Rd1 Be7 12. Bg5 Be6 13. Bxe7 Nxe7 14. Ng5 Bf5 15. Rd2 h4 16. Ne2 Rh5 17. f4 Nd5 18. Nf3 Be4 19. Ng5 Bf5 20. g4 hxg3 21. Nxg3 Rxg5 22. fxg5 Bxh3 23. Rh2 Nf4 24. Rf1 Bxf1 25. Rh8+ Ke7 26. Rxa8 Ba6 27. Rc8 Kd7 28. Rg8 Ne6 29.
Ne4 Bc4 30. g6 fxg6 31. b3 Bd5 32. Nd2 c5 33. c4 Bc6 34. Kf2 Ke7 35. Ra8 a6 36.
Kg3 Nd8 37. Kf4 Nf7 38. Ne4 Nd8 39. Ng5 Bh1 40. Ne4 Ne6+ 41. Ke3 Bxe4 42. Kxe4 Kd7 43. Rb8 b6 44. Rg8 a5 45. Rh8 Ng5+ 46. Kf4 Ne6+ 47. Kg4 Ke7 48. Rc8 Kd7 49. Ra8 Ke7 50. Rh8 Kd7 51. Rh1 Ke7 52. Rf1 Ke8 53. Rd1 Ke7 54. Kf3 Ke8 55. Ke4 Ke7 56. Rg1 g5 57. Rh1 Kd7 58.
Kf5 Nd4+ 59. Kxg5 Ke6 60. Kf4 Ne2+ 61. Ke3 Ng3 62. Rg1 Nf5+ 63. Kf4 Nd4 64. Rxg7 Ne2+ 65. Ke3 Nc3 66. Rxc7 Nxa2 67. Kf4 Nb4 68. Rb7 Nd3+ 69. Ke4 Nf2+ 70. Ke3 Ng4+ 71. Kf4 Nf2 72. Rxb6+ Kd7 1-0

[Event "*** Titled Tuesday Blitz"]
[Site "Chess.com"]
[Date "2019.03.05"]
[Round "3"]
[White "vpsetter"]
[Black "murmah2003"]
[Result "1/2-1/2"]
[WhiteElo "2643"]
[BlackElo "2533"]
[TimeControl "180+2"]
[EndTime "13:45:18 PST"]
[Termination "Game drawn by agreement"]

1. e4 d6 2. d4 g6 3. Nc3 Bg7 4. Nf3 Nf6 5. Be2 O-O 6. O-O Bg4 7. e5 Nfd7 8. h3 Bxf3 9. Bxf3 Nc6 10. exd6 cxd6 11.
Ne2 Rc8 12. c3 Nb6 13. h4 d5 14. h5 e5 15. dxe5 Nxe5 16. Nd4 Qh4 17. Be2 Rfe8 18. Nf3 Qxh5 19. Ng5 Qh4 20. g3 Qa4 21. Qxa4 Nxa4 22.
Bb5 Nxc3 23. bxc3 Red8 24. Bd2 h6 25. f4 Ng4 26. Nf3 Bxc3 27. Rac1 Bxd2 28. Nxd2 a6 29. Bd3 Re8 30. Rxc8 Rxc8 31. Nb3 Rc3 32. Rd1 Ne3 33.
Rd2 Nc4 34. Bxc4 dxc4 35. Nc5 Rxg3+ 36. Kf2 Rh3 37. Kg2 Ra3 38. Nxb7 Kg7 39. Nd6 Ra4 40. Rc2 c3 41. Kf3 h5 42. Ne4 h4 43. Nxc3 Rc4 44. Rc1 Kh6 45. Ne2 Ra4 46. Rc2 f5 47. Ng1 Ra3+ 48.
Kg2 Kh5 49. Ne2 Kg4 50. Rc6 h3+ 51. Kf2 h2 52. Rxg6+ Kh5 53. Rg5+ Kh6 54. Kg2 Rxa2 55. Kxh2 Rxe2+ 56. Kg3 Re5 57. Rg8 Ra5 58. Rb8 Kg6 59.
Rb6+ Kf7 60. Kh4 Ke7 61. Kg5 Kd7 62. Rf6 Ke7 63. Kg6 Ra1 64. Kxf5 a5 65. Ra6 a4 66.
Ra7+ Ke8 67. Ke6 Re1+ 68. Kf6 Ra1 69. f5 a3 70. Ra8+ Kd7 71. Kf7 a2 72. f6 Kd6 73.
Ra6+ Kd7 74. Ra3 Kd6 75. Ra7 Kd5 76. Ra6 Kc5 77. Kf8 Rf1 78. Rxa2 Rxf6+ 79. Ke7 1/2-1/2

[Event "*** Titled Tuesday Blitz"]
[Site "Chess.com"]
[Date "2019.03.05"]
[Round "3"]
[White "Pechen_Yeltsina"]
[Black "riconaipe"]
[Result "1-0"]
[WhiteElo "2654"]
[BlackElo "2430"]
[TimeControl "180+2"]
[EndTime "13:46:12 PST"]
[Termination "Pechen_Yeltsina won by resignation"]

1. e4 c6 2. d3 d5 3. Nd2 g6 4.
Ngf3 Bg7 5. g3 Nf6 6. Bg2 O-O 7. O-O Bg4 8. h3 Bxf3 9. Qxf3 e6 10. Qe2 Nbd7 11. f4 dxe4 12. dxe4 e5 13. f5 Qc7 14. g4 h6 15. Nb3 Rad8 16. Be3 c5 17. Rad1 b6 18.
Rd2 Nb8 19. Rfd1 Nc6 20. c3 Rxd2 21. Rxd2 Rd8 22. Qd1 Rxd2 23. Qxd2 Kh7 24. Bf3 Bf8 25. Kg2 Ne8 26. Qd5 Kg7 27. Nd2 Ne7 28. Qa8 Nc8 29.
Be2 Ncd6 30. Nc4 Nxc4 31. Bxc4 Qd7 32. Bd5 Be7 33. Qc6 Qxc6 34. Bxc6 Nd6 35. Kf3 g5 36. a4 Nc4 37. Bc1 Bd8 38. Bd5 Nd6 39. Be3 Kf6 40. h4 Ne8 41. hxg5+ hxg5 42. Ke2 Nc7 43. Bc6 Kg7 44.
Kd3 f6 45. Kc4 Kf7 46. b4 cxb4 47. cxb4 Ke7 48. a5 Kd6 49. axb6 axb6 50. Ba4 Na6 51. Bb5 Nb8 52. Bf2 Nc6 53. Ba4 Nd4 54. Be3 Bc7 55. Be8 Ne2 56. b5 Nd4 57. Bc6 Nxc6 58. bxc6 Kxc6 59.
Bc1 Bd6 60. Bd2 b5+ 61. Kb3 Kc5 62. Bb4+ Kc6 63. Ba5 Bc7 64. Bb4 Bd6 65. Bd2 Kc5 66. Be3+ Kc6 67. Bf2 Bc5 68. Be1 Be7 69. Ba5 Kd7 70. Kc3 Bc5 71. Kd3 Be7 72. Kc3 Bc5 73.
Kc2 Be7 74. Bb6 Kc6 75. Ba5 Kc5 76. Kc3 Kc6 77. Kb3 Kd7 78. Be1 Kc6 79. Bf2 Bc5 80.
Be1 Bb6 81. Bd2 Kc5 82. Be3+ Kc6 83. Bc1 Bc5 84. Bd2 Bd6 85. Ba5 Be7 86. Kc3 Kd7 87. Kd3 Kc6 88. Kc3 Kb7 89. Kb3 Ka7 90. Bd2 Ka6 91. Be3 Kb7 92. Bd2 Kc6 93. Ba5 Kb7 94. Kc3 Ka7 95. Kd3 Ka6 96. Bc7 Kb7 97. Ba5 Ka6 98. Bc7 b4 99. Kc4 b3 100. Kxb3 Kb5 101. Kc3 Kc5 102. Ba5 Kb5 103. Bc7 Bb4+ 104. Kd3 Be7 105. Bb8 Kb4 106. Ba7 Kb3 107. Bb6 Kb4 108. Bc7 Kb5 109. Kc3 Kc6 110. Ba5 Kb5 111. Bc7 Kc6 112. Ba5 Kc5 113. Bb4+ Kc6 114. Bxe7 1-0

[Event "*** Titled Tuesday Blitz"]
[Site "Chess.com"]
[Date "2019.03.05"]
[Round "3"]
[White "GMMatamoros"]
[Black "Gubajdullin"]
[Result "1/2-1/2"]
[WhiteElo "2541"]
[BlackElo "2474"]
[TimeControl "180+2"]
[EndTime "13:46:23 PST"]
[Termination "Game drawn by 50-move rule"]

1. Nf3 d5 2. e3 c6 3. c4 Nf6 4.
Nc3 a6 5. d4 Bg4 6. cxd5 cxd5 7. Qb3 Ra7 8. Ne5 e6 9. h3 Bf5 10. g4 Bg6 11. h4 Nfd7 12. h5 Nxe5 13. dxe5 Be4 14. Nxe4 dxe4 15. Bg2 Nc6 16. Bxe4 Nxe5 17. Bxb7 Bb4+ 18. Ke2 Rxb7 19. a3 Ba5 20. Qa4+ Qd7 21. Qxd7+ Kxd7 22. b4 Bb6 23. h6 gxh6 24. Bb2 f6 25.
Rxh6 Nxg4 26. Rh4 h5 27. Rah1 Rc8 28. Rd1+ Ke7 29. Rxh5 Rc2+ 30. Rd2 Rxd2+ 31. Kxd2 Rd7+ 32. Ke2 e5 33. Rh8 a5 34. Bc3 axb4 35. Bxb4+ Kf7 36. a4 Ra7 37. Rh7+ Ke6 38. Rxa7 Bxa7 39. Bd2 f5 40. f3 Nf6 41. Kd3 Kd5 42. Bc3 Nd7 43. e4+ fxe4+ 44.
fxe4+ Kc6 45. Kc4 Nb6+ 46. Kb3 Bb8 47. a5 Nd7 48. Kc4 Nc5 49. a6 Nxa6 50. Bb2 Nc5 51.
Bxe5 Bxe5 52. Kb4 Nxe4 53. Kc4 Nd6+ 54. Kd3 Kd5 55. Ke3 Kc4 56. Ke2 Kd4 57. Kf3 Kd3 58. Kg4 Ke2 59. Kh3 Kf1 60. Kg4 Kg2 61. Kg5 Kg3 62.
Kh5 Kh3 63. Kg5 Kg3 64. Kh5 Bf6 65. Kg6 Be7 66. Kh5 Kh3 67. Kg6 Kg4 68. Kh6 Kf5 69. Kh5 Ne4 70. Kh6 Bf6 71. Kh5 Ng3+ 72. Kh6 Be5 73. Kh7 Kg5 74. Kg8 Nf5 75. Kf7 Bf4 76.
Ke6 Kg6 77. Kd5 Kf6 78. Ke4 Be5 79. Kd5 Ne7+ 80. Ke4 Ke6 81. Kf3 Kf5 82. Ke3 Nc6 83. Kf3 Nb4 84. Ke3 Bc3 85. Kf3 Bd2 86. Kg3 Bf4+ 87. Kf3 Nc6 88. Kg2 Ne5 89. Kf2 Kg4 90.
Kg2 Bg3 91. Kh1 Kf3 92. Kg1 Nd3 93. Kh1 Nf4 94. Kg1 Nd3 95. Kh1 Nf2+ 96. Kg1 Bf4 97. Kf1 Bh2 98. Ke1 Ne4 99. Kf1 Nd2+ 100. Ke1 Ke3 101. Kd1 Kd3 102. Ke1 Bg3+ 103. Kd1 Bh4 104. Kc1 Kc3 105. Kd1 Kd3 106. Kc1 Nb3+ 107. Kd1 Nd4 108. Kc1 Be1 109. Kd1 Bb4 110. Kc1 Ke2 111. Kb2 Kd2 112. Kb1 1/2-1/2

[Event "*** Titled Tuesday Blitz"]
[Site "Chess.com"]
[Date "2019.03.05"]
[Round "3"]
[White "Mbneu"]
[Black "StoreySniper"]
[Result "1/2-1/2"]
[WhiteElo "2239"]
[BlackElo "2373"]
[TimeControl "180+2"]
[EndTime "13:46:43 PST"]
[Termination "Game drawn by repetition"]

1. d4 g6 2. f4 Bg7 3. Nf3 c5 4. e3 cxd4 5. exd4 d5 6. Bd3 Nh6 7. Ne5 O-O 8. O-O Nc6 9. c3 Bf5 10. Kh1 Bxd3 11. Qxd3 e6 12. Be3 Nf5 13. Nd2 Nxe5 14.
fxe5 Nxe3 15. Qxe3 Qb6 16. Nb3 Qb5 17. Rf2 b6 18.
Raf1 a5 19. Nc1 Ra7 20. h4 h5 21. Nd3 Qe8 22. Qg3 Bh6 23. Nf4 Kh7 24. Nh3 Qe7 25.
Rf6 b5 26. Ng5+ Bxg5 27. hxg5 b4 28. Qf3 bxc3 29. bxc3 Rc7 30. g4 hxg4 31. Qf2 Kg7 32. Kg1 Rxc3 33. Qh4 Rh3 34. Qxg4 Qa3 35. R6f3 Rxf3 36.
Qxf3 Qxa2 37. Rf2 Qa1+ 38. Kh2 Rh8+ 39. Kg3 Qg1+ 40. Rg2 Qe1+ 41. Rf2 Qg1+ 42. Rg2 Qh1 43. Qf6+ Kg8 44. Qd8+ Kg7 45. Qf6+ Kg8 46. Qd8+ Kh7 47. Qf6 Qe1+ 48. Rf2 Rf8 49. Kg2 Qe4+ 50. Kg3 Qe3+ 51.
Kg2 Kg8 52. Rf4 Qe2+ 53. Kg3 Qe1+ 54. Kg2 Qd2+ 55. Kg3 Qc3+ 56. Kg2 Qc2+ 57. Kg3 Qb3+ 58. Kg2 Qa2+ 59. Kg3 Qa3+ 60. Kg2 Qb2+ 61. Kg3 Qc3+ 62. Kg2 Qd2+ 63. Kg3 Qe1+ 64. Kg2 a4 65. Rf1 Qe4+ 66. Kg3 Qd3+ 67. Kg2 Qe4+ 68. Kg3 a3 69. Rf4 Qe3+ 70. Kg2 Qe2+ 71. Kh3 Qe3+ 72. Kg2 Qd2+ 73. Kh3 Qc3+ 74. Kg2 Qc2+ 75. Kh3 Qb3+ 76. Kg2 a2 77. Rh4 Qc2+ 78. Kf3 Qd3+ 79. Kg2 Qe2+ 80. Kh3 Qe3+ 81. Kg2 Qd2+ 82. Kh3 Qc3+ 83. Kg2 Qb2+ 84. Kh3 Qa3+ 85. Kg2 Qb2+ 86. Kh3 Qc3+ 87. Kg2 Qd2+ 88. Kh3 Qd3+ 89. Kg2 Qe2+ 90.
Kh3 Qh5 91. Rxh5 gxh5 92. Qf1 Ra8 93. g6 fxg6 94. Qf6 a1=Q 95. Qxg6+ Kf8 96. Qf6+ Ke8 97.
Qxe6+ Kd8 98. Qd6+ Kc8 99. Qc6+ Kb8 100. Qb6+ Kc8 101. Qc6+ Kd8 102. Qd6+ Ke8 103. Qe6+ Kd8 104. Qd6+ Ke8 105. Qe6+ Kf8 106. Qf6+ Kg8 107. Qg6+ Kf8 108. Qf6+ Kg8 109. Qg6+ Kh8 110. Qh6+ Kg8 111. Qg6+ Kf8 112. Qf6+ Ke8 113. Qe6+ 1/2-1/2

[Event "*** Titled Tuesday Blitz"]
[Site "Chess.com"]
[Date "2019.03.05"]
[Round "3"]
[White "yuki_chess123"]
[Black "Siemba"]
[Result "0-1"]
[WhiteElo "2138"]
[BlackElo "2109"]
[TimeControl "180+2"]
[EndTime "13:47:13 PST"]
[Termination "Siemba won on time"]

1. e4 c5 2. Nf3 Nc6 3. Bb5 g6 4. Bxc6 dxc6 5. d3 Bg7 6. Nc3 e5 7. Be3 b6 8. a4 Qc7 9. a5 Bb7 10.
axb6 axb6 11. Rxa8+ Bxa8 12. Nd2 Nf6 13. O-O O-O 14. f4 Nd7 15. f5 b5 16. Bg5 Qd6 17. Qf3 f6 18. Bh4 c4 19. Nd1 cxd3 20. cxd3 Nc5 21.
Nf2 Qd4 22. fxg6 hxg6 23. Qg4 g5 24. Nf3 Qd7 25. Qxd7 Nxd7 26. Bg3 c5 27. Ra1 Rd8 28. Kf1 Bf8 29. Ke2 Bd6 30. Ng4 Kg7 31. h4 gxh4 32. Nxh4 Bf8 33. Ra7 c4 34. Bxe5 cxd3+ 35. Kxd3 Kg8 36.
Bd4 Ne5+ 37. Nxe5 fxe5 38. Rxa8 Rxa8 39. Bxe5 Rd8+ 40. Ke3 Bc5+ 41. Kf3 Rd3+ 42. Kf4 Rd2 43. g4 Rf2+ 44. Kg3 Rf1 45. Nf5 Kf7 46. g5 Kg6 47. Bf6 Rg1+ 48. Kf3 Bb4 49. Nh4+ Kh5 50. Ng2 Bd2 51. e5 Bxg5 52. Nf4+ Bxf4 53. Kxf4 Kg6 54.
Be7 Kf7 55. Ba3 Ke6 56. Ke4 Rg4+ 57. Kd3 Kxe5 58. Kc3 Kd5 59. Be7 Re4 60. Bb4 Rc4+ 61. Kb3 Kd4 62. Bc3+ Kd3 63. Bf6 b4 64. Bg7 Rf4 65. Be5 Re4 66. Bd6 Re3 67. Bxb4 Kd4+ 68. Bc3+ Kc5 69. Kc2 Kc4 70. Bd2 Re2 71. Kc1 Kd3 72.
Bc3 Rg2 73. Kb1 Kc4 74. Ka2 Rg1 75. Bf6 Rc1 76. Bc3 Rd1 77. Bf6 Kd3 78. Bc3 Kc2 79.
Bf6 Rd6 80. Be7 Ra6+ 81. Ba3 Ra8 82. Ka1 Kb3 83. Kb1 Rd8 84. Kc1 Re8 85. Kd1 Re4 86.
Kd2 Rg4 87. Kd3 Rg2 88. Kd4 Rc2 89. Kd3 Rc1 90. Kd4 Rd1+ 91. Ke3 Kc4 92. Ke2 Rh1 93. Ke3 Re1+ 94. Kd2 Re8 95. Kc2 Re2+ 96. Kb1 Kb3 97. Kc1 Rg2 98. Kd1 Kc4 99. Ke1 Kd3 100. Kf1 Rc2 101. Kg1 Ke3 102. Kf1 Rh2 0-1

[Event "*** Titled Tuesday Blitz"]
[Site "Chess.com"]
[Date "2019.03.05"]
[Round "3"]
[White "BasilSmash"]
[Black "ajkom197"]
[Result "1/2-1/2"]
[WhiteElo "2306"]
[BlackElo "2386"]
[TimeControl "180+2"]
[EndTime "13:47:55 PST"]
[Termination "Game drawn - timeout vs insufficient material"]

1. e4 c6 2. d4 d5 3. Nd2 dxe4 4.
Nxe4 Nf6 5. Nxf6+ exf6 6. c3 Bd6 7. Bd3 O-O 8. Qc2 Re8+ 9. Ne2 g6 10. h4 Nd7 11. h5 f5 12. g4 fxg4 13. hxg6 Rxe2+ 14.
Kxe2 Qe8+ 15. Kf1 fxg6 16. Bg5 Nf8 17. Re1 Qf7 18. Qe2 Be6 19. b3 Bd5 20. Bc4 b5 21. Bxd5 Qxd5 22. Qe4 Qxg5 23. Qxc6 Rd8 24. Re8 Rxe8 25.
Qxe8 g3 26. fxg3 Bxg3 27. Ke2 Qg4+ 28. Kd2 Bf4+ 29. Ke1 Qg3+ 30. Kf1 Qf3+ 31. Kg1 Qxc3 32. Qe4 Qe3+ 33. Qxe3 Bxe3+ 34. Kg2 Bxd4 35. Rd1 Bb2 36.
Rd5 b4 37. Ra5 Kf7 38. Rxa7+ Kf6 39. Ra4 Ba3 40. Kf3 Ne6 41. Ra6 Ke5 42. Ra5+ Kd4 43. Ke2 Nf4+ 44. Kd2 Nd5 45. Ra7 Nc3 46. Rxh7 Ke4 47.
Re7+ Kf5 48. Rf7+ Ke6 49. Rf1 Nxa2 50. Kc2 Nc3 51. Rg1 Kf5 52. Rf1+ Ke5 53. Rg1 Kf6 54.
Rf1+ Kg7 55. Rg1 Ne4 56. Rg4 Nf6 57. Rg2 Kh6 58. Kd3 g5 59. Kd4 Kg6 60. Kd3 Nd5 61. Ke4 Nf6+ 62. Kd3 Kf5 63. Rf2+ Ke5 64. Re2+ Kf5 65.
Rf2+ Kg6 66. Rg2 Nh5 67. Ke4 Nf4 68. Rc2 Nh5 69. Kf3 Nf6 70. Ke3 Kf5 71. Rf2+ Ke5 72.
Rc2 Nd5+ 73. Kf3 Nc3 74. Kg4 Kd4 75. Kxg5 Kd3 76. Rg2 Nb5 77. Rg3+ Kc2 78. Rg4 Kxb3 79. Rxb4+ Bxb4 80. Kf5 Kc4 81. Ke5 Bc3+ 82. Ke4 Nd6+ 83. Kf4 Kd5 84. Ke3 Be5 85. Kd3 Bd4 86. Kd2 Ke4 87. Ke2 Be3 88. Kf1 Kf3 89. Ke1 Nb5 90. Kf1 Nd4 91. Ke1 Bf4 92. Kd1 Bg5 93. Ke1 Ke3 94.
Kf1 Bh4 95. Kg2 Nf5 96. Kh3 Kf3 97. Kh2 Bg3+ 98. Kh3 Be1 99. Kh2 Ne3 100. Kg1 Bf2+ 101. Kh1 Ng2 102. Kh2 Bg3+ 103. Kg1 Nf4 104. Kh1 Bf2 105. Kh2 Bh4 106. Kh1 Ne2 107. Kh2 Be7 108. Kh1 Ng3+ 109. Kh2 Bd6 110. Kg1 Ne4 111. Kh1 Nf2+ 112. Kg1 Bf4 113. Kf1 Bh2 114. Ke1 Ne4 115. Kd1 Ke3 116. Kc2 Be5 117. Kb3 Kd3 118. Kb4 Kd4 119. Kb5 Nd6+ 120. Kb6 Kd5 121. Kc7 1/2-1/2

[Event "*** Titled Tuesday Blitz"]
[Site "Chess.com"]
[Date "2019.03.05"]
[Round "4"]
[White "andy_rekt"]
[Black "The_Lost_Rogainer"]
[Result "1-0"]
[WhiteElo "2203"]
[BlackElo "2101"]
[TimeControl "180+2"]
[EndTime "13:49:48 PST"]
[Termination "andy_rekt won by resignation"]

1. d4 Nf6 2. c4 e5 3. dxe5 Ng4 4.
Bf4 Nc6 5. Nf3 Qe7 6. e3 Ngxe5 7. Nxe5 Nxe5 8. Nc3 g6 9. Nd5 Qd6 10. c5 Qxc5 11.
Bxe5 Qa5+ 12. Bc3 1-0

[Event "*** Titled Tuesday Blitz"]
[Site "Chess.com"]
[Date "2019.03.05"]
[Round "4"]
[White "Ar4uha"]
[Black "GMMatamoros"]
[Result "1-0"]
[WhiteElo "2483"]
[BlackElo "2526"]
[TimeControl "180+2"]
[EndTime "13:50:06 PST"]
[Termination "Ar4uha won by resignation"]

1. e4 c5 2. Nf3 Nc6 3. Bb5 g6 4. Bxc6 bxc6 5. O-O Bg7 6. c3 Nf6 7. Re1 O-O 8. d4 cxd4 9. cxd4 Rb8 10. Nc3 d6 11. h3 Nd7 12. e5 dxe5 13. dxe5 Nxe5 14. Nxe5 Qxd1 15. Nxd1 Bb7 16. Nd7 1-0

[Event "*** Titled Tuesday Blitz"]
[Site "Chess.com"]
[Date "2019.03.05"]
[Round "4"]
[White "DonPreuss"]
[Black "Dare-Dare"]
[Result "1-0"]
[WhiteElo "2212"]
[BlackElo "2103"]
[TimeControl "180+2"]
[EndTime "13:52:16 PST"]
[Termination "DonPreuss won by checkmate"]

1. d4 d6 2. e4 e5 3. Nc3 Nf6 4. f4 exd4 5. Qxd4 Nc6 6. Qd1 Be7 7. Bd3 O-O 8. Nf3 Re8 9. O-O Bf8 10. Qe1 Ne7 11.
e5 dxe5 12. fxe5 Nfd5 13. Bxh7+ Kxh7 14. Ng5+ Kg6 15. Qh4 Nf4 16. Qh7+ Kxg5 17. Bxf4+ Kg4 18. Qh3# 1-0

[Event "*** Titled Tuesday Blitz"]
[Site "Chess.com"]
[Date "2019.03.05"]
[Round "4"]
[White "Keaton87"]
[Black "SARGISMV"]
[Result "1-0"]
[WhiteElo "2549"]
[BlackElo "2424"]
[TimeControl "180+2"]
[EndTime "13:52:17 PST"]
[Termination "Keaton87 won by checkmate"]

1. Nf3 Nf6 2. d4 c5 3. d5 e6 4. c4 exd5 5. cxd5 Bd6 6. Nc3 O-O 7. Bg5 a6 8. a4 Re8 9. e3 Bc7 10. Bd3 d6 11. O-O Nbd7 12. Qc2 h6 13. Bh4 Rb8 14.
Nd2 Ba5 15. e4 Ne5 16. f4 Ng6 17. Bg3 Nh5 18. e5 Nxg3 19. hxg3 dxe5 20. Bxg6 fxg6 21. Qxg6 exf4 22. Rxf4 Re7 23. Raf1 Bd7 24. Rf7 Rxf7 25. Rxf7 Qg5 26. Rxg7+ Kf8 27. Qf7# 1-0

[Event "*** Titled Tuesday Blitz"]
[Site "Chess.com"]
[Date "2019.03.05"]
[Round "4"]
[White "Bryakin_Mikhail"]
[Black "A-Fier"]
[Result "1/2-1/2"]
[WhiteElo "2651"]
[BlackElo "2739"]
[TimeControl "180+2"]
[EndTime "13:52:50 PST"]
[Termination "Game drawn by agreement"]

1. d4 Nf6 2. c4 c5 3. d5 e6 4. Nc3 exd5 5. cxd5 d6 6. Nf3 g6 7. g3 Bg7 8. Bg2 O-O 9. O-O Re8 10.
Bf4 Bf5 11. Nd2 Nh5 12. e4 Nxf4 13. gxf4 Bc8 14. Nc4 Bxc3 15. bxc3 b5 16. Nd2 Qh4 17. Qf3 Nd7 18. a4 b4 19. Nc4 Ba6 20. Nxd6 Bxf1 21. Bxf1 Qf6 22. Nxe8 Rxe8 23. Bb5 Rd8 24. Bxd7 Rxd7 25.
e5 Qf5 26. cxb4 cxb4 1/2-1/2

[Event "*** Titled Tuesday Blitz"]
[Site "Chess.com"]
[Date "2019.03.05"]
[Round "4"]
[White "albi1999"]
[Black "NIGWAPO"]
[Result "1-0"]
[WhiteElo "2433"]
[BlackElo "2552"]
[TimeControl "180+2"]
[EndTime "13:52:55 PST"]
[Termination "albi1999 won by resignation"]

1. d4 Nf6 2. c4 e6 3. Nf3 b6 4.
g3 Bb7 5. Bg2 Be7 6. O-O O-O 7.
Nc3 Ne4 8. Bd2 Nxd2 9. Qxd2 d6 10. e4 Nd7 11. Rad1 e5 12. Rfe1 exd4 13. Nxd4 Re8 14. b3 Ne5 15. h3 a6 16. Kh2 Qd7 17. f4 Ng6 18. Nd5 h5 19. Nf5 Bd8 20. Qb2 f6 21.
Qe2 h4 22. gxh4 Bxd5 23. cxd5 Nxf4 24. Qg4 Nxg2 25. Qxg2 Re5 26. Rg1 g5 27. hxg5 fxg5 28. Rdf1 Qh7 29. Rf4 Be7 30. Rg4 Rxf5 31. exf5 Qxf5 32.
Qe4 Qxe4 33. Rxe4 Bf6 34. Re6 Kg7 35. Rc1 Rc8 36. Kg2 Kg6 37. Rxd6 cxd6 38. Rxc8 Kf5 39. Rc6 Ke5 40. Rxb6 Kxd5 1-0

[Event "*** Titled Tuesday Blitz"]
[Site "Chess.com"]
[Date "2019.03.05"]
[Round "4"]
[White "Cryptinz"]
[Black "INLOVEWITHF"]
[Result "1-0"]
[WhiteElo "2342"]
[BlackElo "2284"]
[TimeControl "180+2"]
[EndTime "13:53:02 PST"]
[Termination "Cryptinz won by resignation"]

1. e4 e5 2. Nf3 Nc6 3. Nc3 Nf6 4. d4 exd4 5. Nxd4 Bb4 6. Nxc6 bxc6 7. Bd3 d5 8. exd5 O-O 9. O-O Bg4 10. f3 Bh5 11. dxc6 Qd4+ 12. Kh1 Bxc3 13. bxc3 Qxc3 14. Rb1 Qxc6 15. Bb2 Bg6 16. Qd2 Rad8 17. Rfc1 Rfe8 18. Qg5 Rd5 19. Qg3 Nh5 20. Qg4 Qd7 21. Bc4 Rd6 22. Qxd7 Rxd7 23. Bb5 Rde7 24. Bxe8 Rxe8 25. Bd4 a6 26.
Rb7 Nf4 27. Rcb1 Bxc2 28. Rb8 1-0

[Event "*** Titled Tuesday Blitz"]
[Site "Chess.com"]
[Date "2019.03.05"]
[Round "4"]
[White "ahkashefi2800"]
[Black "BASSU1"]
[Result "1-0"]
[WhiteElo "2254"]
[BlackElo "2084"]
[TimeControl "180+2"]
[EndTime "13:53:22 PST"]
[Termination "ahkashefi2800 won by resignation"]

1. d4 d5 2. Nf3 e6 3. Bf4 Bd6 4. Bg3 Nf6 5. Nbd2 O-O 6. e3 c5 7. c3 Nc6 8. Bd3 Re8 9. O-O h6 10. Ne5 Bxe5 11. dxe5 Nd7 12. f4 c4 13. Bb1 Qb6 14.
Qc2 Nf8 15. Bf2 Qc7 16. Nf3 b5 17. Nd4 Nxd4 18. exd4 a5 19. Be1 Bd7 20. Qf2 Qd8 21. Qg3 Qe7 22. Bd2 Kh8 23. f5 exf5 24. Bxf5 Bxf5 25. Rxf5 Qe6 26. Raf1 Ra7 27. Qf3 Kg8 28. Qg3 Qg6 29. Qf3 Ne6 30. h4 Nf8 31. Qxd5 Rb8 32. Qf3 Rd8 33. Rf4 Rad7 34. Rg4 Qh5 35. Rxg7+ 1-0

[Event "*** Titled Tuesday Blitz"]
[Site "Chess.com"]
[Date "2019.03.05"]
[Round "4"]
[White "Atanejhad"]
[Black "FedaMaster"]
[Result "0-1"]
[WhiteElo "2229"]
[BlackElo "2435"]
[TimeControl "180+2"]
[EndTime "13:53:23 PST"]
[Termination "FedaMaster won on time"]

1. d4 d5 2. c4 e5 3. dxe5 d4 4. Nf3 Nc6 5. a3 Nge7 6. b4 Ng6 7. Bb2 a5 8. b5 Ncxe5 9. Nxe5 Nxe5 10. e3 Be6 11. Nd2 dxe3 12. fxe3 Ng4 13. Qf3 Bc5 14. O-O-O Nxe3 15. Re1 Nxf1 16. Rhxf1 O-O 17. Qg3 g6 18.
Qe5 f6 0-1

[Event "*** Titled Tuesday Blitz"]
[Site "Chess.com"]
[Date "2019.03.05"]
[Round "4"]
[White "LukasHandler"]
[Black "Denis_Palkovich"]
[Result "1-0"]
[WhiteElo "2389"]
[BlackElo "2231"]
[TimeControl "180+2"]
[EndTime "13:53:29 PST"]
[Termination "LukasHandler won by resignation"]

1. d4 d5 2. c4 Bf5 3. Nc3 e6 4. cxd5 exd5 5. Nf3 Bb4 6. Bf4 Nf6 7. Qa4+ Nc6 8. e3 O-O 9. Bb5 Bxc3+ 10. bxc3 Ne7 11. O-O c6 12. Be2 Ne4 13. Qb3 Qb6 14. Rfc1 Ng6 15.
Bg3 Rfe8 16. c4 Nxg3 17. hxg3 dxc4 18. Bxc4 Be6 19. Rab1 Bxc4 20. Qxc4 Qc7 21. a4 Qd6 22. Rxb7 Ne7 23. Ne5 Rec8 24. Qxf7+ 1-0

[Event "*** Titled Tuesday Blitz"]
[Site "Chess.com"]
[Date "2019.03.05"]
[Round "4"]
[White "GelmanAlexander"]
[Black "penguingm1"]
[Result "0-1"]
[WhiteElo "2600"]
[BlackElo "2890"]
[TimeControl "180+2"]
[EndTime "13:53:38 PST"]
[Termination "penguingm1 won by resignation"]

1. d4 d5 2. Nc3 Nf6 3. Bf4 e6 4.
Nb5 Na6 5. e3 Be7 6. g4 Ne4 7.
Bg2 Nd6 8. Nc3 b6 9. Nf3 Bb7 10. Ne5 c5 11. a3 Rc8 12. h4 Bxh4 13. Qe2 Be7 14. Qb5+ Nxb5 0-1

[Event "*** Titled Tuesday Blitz"]
[Site "Chess.com"]
[Date "2019.03.05"]
[Round "4"]
[White "RegZryt"]
[Black "HanSchut"]
[Result "1-0"]
[WhiteElo "2454"]
[BlackElo "2327"]
[TimeControl "180+2"]
[EndTime "13:53:38 PST"]
[Termination "RegZryt won by resignation"]

1. d4 Nf6 2. c4 g6 3. Nc3 d5 4.
Nf3 Bg7 5. h4 c6 6. Bg5 Ne4 7.
e3 O-O 8. Bd3 Nxg5 9. Nxg5 dxc4 10. Bxc4 b5 11. Bd3 e5 12. dxe5 Bxe5 13. Nf3 Bg4 14. Qc2 Nd7 15. h5 Bxh5 16. Rxh5 gxh5 17. Bxh7+ Kh8 18. Bf5 Bxc3+ 19. Qxc3+ Nf6 20. Rd1 Qe7 21. Rd7 1-0

[Event "*** Titled Tuesday Blitz"]
[Site "Chess.com"]
[Date "2019.03.05"]
[Round "4"]
[White "Barcelona_Guy"]
[Black "Manukyan_Artak"]
[Result "1-0"]
[WhiteElo "2724"]
[BlackElo "2401"]
[TimeControl "180+2"]
[EndTime "13:53:38 PST"]
[Termination "Barcelona_Guy won by resignation"]

1. d4 Nf6 2. c4 e6 3. Nf3 b6 4. g3 Bb7 5. Bg2 c5 6. d5 exd5 7. cxd5 d6 8. Nc3 g6 9. O-O Bg7 10. e4 O-O 11. Re1 Re8 12. Bf4 a6 13.
a4 Nh5 14. Bg5 Qc7 15. Qd2 Nd7 16. Rac1 Rac8 17. Bh3 c4 18. Bh6 Rcd8 19. Bxg7 Kxg7 20. Bxd7 Qxd7 21. Qd4+ Nf6 22. Qxc4 Qh3 23. Qd4 Bc8 24. Qxb6 Bg4 25. Nd2 h5 26. f3 Bc8 27. Qd4 h4 28. g4 Bxg4 29. fxg4 Qxg4+ 30. Kh1 Re5 31. Rg1 Qh5 32. Rcf1 Rde8 33. Nc4 h3 34. Nxe5 dxe5 35. Qf2 1-0

[Event "*** Titled Tuesday Blitz"]
[Site "Chess.com"]
[Date "2019.03.05"]
[Round "4"]
[White "payto1"]
[Black "TreinadorBR"]
[Result "1-0"]
[WhiteElo "2194"]
[BlackElo "2209"]
[TimeControl "180+2"]
[EndTime "13:53:38 PST"]
[Termination "payto1 won by resignation"]

1. d4 Nf6 2. Bg5 Ne4 3. Bf4 c5 4. f3 Nf6 5. d5 e6 6. e4 d6 7. Nc3 Be7 8. Bc4 exd5 9. Nxd5 Nxd5 10. Bxd5 O-O 11. Ne2 Nc6 12. O-O Be6 13. c3 Qc7 14.
Bg3 Rad8 15. Nf4 Qc8 16. Qb3 Na5 17. Qa4 b6 18. b4 Bxd5 19. Nxd5 Rfe8 20. bxa5 Bf8 21.
axb6 a6 22. Rab1 f5 23. b7 1-0